 Dungeon Crawl Stone Soup version 0.26-a0-346-g33516b1736 (webtiles) character file.

Game seed: 1811860452130900635

270 Glokmah the Chiller (level 6, -4/46 HPs)
             Began as a Barachi Ice Elementalist on July 17, 2020.
             Slain by Grinder (11 damage)
             ... while paralysed by Grinder
             ... on level 3 of the Dungeon.
             The game lasted 00:08:11 (2888 turns).

Glokmah the Chiller (Barachi Ice Elementalist)      Turns: 2888, Time: 00:08:11

Health: -4/46      AC:  2    Str: 10    XL:     6   Next: 22%
Magic:  6/10       EV:  2    Int: 16    God:
Gold:   184        SH:  0    Dex: 19    Spells: 4/11 levels left

rFire    x . .     SeeInvis .   a - +1 falchion
rCold    + . .     Faith    .   (no shield)
rNeg     . . .     Spirit   .   n - +0 robe
rPois    .         Reflect  .   (no helmet)
rElec    .         Harm     .   (no cloak)
rCorr    .                      (no gloves)
MR       .....                  (no boots)
Stlth    ++........             (no amulet)
HPRegen  0.15/turn              d - ring of ice
MPRegen  0.12/turn              f - +6 ring of dexterity

@: paralysed, hasted, slow
A: +LOS, swims, slowness 1, strong legs 1
a: Hop


You were on level 3 of the Dungeon.
You visited 1 branch of the dungeon, and saw 3 of its levels.

You collected 184 gold pieces.

Inventory:

Hand Weapons
 a - a +1 falchion (weapon)
Missiles
 b - 45 stones (quivered)
Armour
 n - a +0 robe (worn)
 o - a +1 scale mail of fire resistance
Jewellery
 d - a ring of ice (left hand)
 f - a +6 ring of dexterity (right hand)
Wands
 q - a wand of clouds (6)
Scrolls
 e - a scroll of magic mapping
 h - a scroll of identify
 i - a scroll of remove curse
Potions
 c - 2 potions of haste
 k - a potion of heal wounds {unknown}
 l - a potion of resistance {unknown}
 m - a potion of brilliance {unknown}
 p - a potion of lignification
 s - a potion of curing
 t - a potion of stabbing {unknown}


   Skills:
 + Level 2.4 Fighting
 + Level 2.8 Armour
 + Level 3.3 Dodging
 - Level 1.7 Stealth
 + Level 3.2 Spellcasting
 * Level 6.4 Ice Magic


You had 4 spell levels left.
You knew the following spells:

 Your Spells              Type           Power        Failure   Level
a - Freeze                Ice            ####         1%          1
b - Frozen Ramparts       Ice            ####..       4%          3
c - Ozocubu's Armour      Ice            ####....     4%          3

Your spell library contained the following spells:

 Spells                   Type           Power        Failure   Level
 Hailstorm                Conj/Ice       ###.....     43%         4
 Summon Ice Beast         Ice/Summ       ###.....     43%         4


Dungeon Overview and Level Annotations

Branches:
Dungeon (3/15)

Altars:
Vehumet

Annotations:
D:3 Grinder


Innate Abilities, Weirdness & Mutations

You can be seen from farther away. (+LOS)
You can swim through water.
You cover ground slowly.
You can hop short distances.


Message History

You writhe in agony.
* * * LOW HITPOINT WARNING * * *
You can move again.
Okay, then.
Grinder completely resists.
The wall freezes Grinder but do no damage.
Grinder completely resists.
The wall freezes Grinder but do no damage.
The frozen ramparts melt away.
Grinder gestures at you.
You barely resist. Grinder gestures at you. Pain shoots through your body!
* * * LOW HITPOINT WARNING * * *
You feel better.
You feel yourself speed up. Grinder gestures at you.
You suddenly lose the ability to move!
Grinder hits you!
You die...

......#........#.#
......#....5...#.#
......#........#.#
......#........#.#
...............#.#
...............#.#
...............#.#
........##.#####5#
##......##.# #@#
##......##.#####.#
........)÷÷.....>#
.......†##.#######
........##.#
........##.######
................#
.######.........#
.######.........#


You could see Grinder.

Vanquished Creatures
  An orc wizard (D:3)
  Natasha (thrice) (D:2)
  Terence (D:2)
  4 adders
  3 oozes
  2 worms (D:2)
  3 dart slugs
  4 orcs (D:3)
  A ball python (D:3)
  9 bats
  3 giant cockroaches
  3 goblins
  14 hobgoblins
  9 jackals
  6 kobolds
  5 frilled lizards
  6 rats
77 creatures vanquished.

Notes
Turn   | Place    | Note
-------+----------+-------------------------------------------
     0 | D:1      | Glokmah the Barachi Ice Elementalist began the quest for
                  | the Orb.
     0 | D:1      | Reached XP level 1. HP: 13/13 MP: 3/3
   109 | D:1      | Reached skill level 5 in Ice Magic
   152 | D:1      | Reached XP level 2. HP: 20/20 MP: 3/5
   707 | D:1      | Reached skill level 1 in Fighting
   707 | D:1      | Reached XP level 3. HP: 21/26 MP: 4/6
   826 | D:1      | Reached skill level 1 in Armour
   839 | D:1      | Learned a level 3 spell: Frozen Ramparts
   843 | D:1      | Learned a level 3 spell: Ozocubu's Armour
  1274 | D:2      | Noticed Terence
  1283 | D:2      | Killed Terence
  1368 | D:2      | Reached XP level 4. HP: 29/32 MP: 7/7
  1523 | D:2      | Noticed Natasha
  1533 | D:2      | Killed Natasha
  1722 | D:2      | Reached XP level 5. HP: 31/38 MP: 5/9
  2002 | D:2      | Noticed Natasha
  2016 | D:2      | Killed Natasha
  2016 | D:2      | Reached skill level 6 in Ice Magic
  2451 | D:2      | Noticed Natasha
  2459 | D:2      | Killed Natasha
  2575 | D:3      | Reached XP level 6. HP: 42/44 MP: 5/10
  2615 | D:3      | Found a radiant altar of Vehumet.
  2645 | D:3      | Noticed Grinder
  2655 | D:3      | Paralysed by Grinder for 3 turns
  2873 | D:3      | Paralysed by Grinder for 5 turns
  2877 | D:3      | HP: 2/46 [Grinder (3)]
  2885 | D:3      | HP: 1/46 [Grinder/nerve-wracking pain (2)]
  2887 | D:3      | Paralysed by Grinder for 7 turns
  2888 | D:3      | Slain by Grinder

Illustrated notes

Levels and vault maps discovered:
D:1:      elethiomel_arrival_quiet, layout_loops_corners
D:2:      layout_basic, uniq_natasha, uniq_terence
D:3:      layout_basic, fiery_altar_vehumet, chequers_ecumenical_altar_lobes,
          uniq_grinder

Skill      XL: |  1  2  3  4  5 |
---------------+----------------+-----
Ice Magic      | 5 6 |  6.4
Fighting       | 1 2 |  2.4
Armour         | 1 2 |  2.8
Dodging        | 3 |  3.3
Spellcasting   | 3 |  3.2
Stealth        | |  1.7

Action                   |  1- 3 |  4- 6 || total
-------------------------+-------+-------++-------
Melee: Hand axe          |     1 |       ||     1
       Falchion          |     4 |    14 ||    18
 Cast: Freeze            |    33 |    19 ||    52
       Frozen Ramparts   |     1 |    18 ||    19
  Use: Scroll            |       |    12 ||    12
       Potion            |       |     2 ||     2
Armor: Robe              |     6 |    21 ||    27
Dodge: Dodged            |    24 |    40 ||    64
       Rpst.: Falchion   |     2 |    11 ||    13

Table legend:
 A = Non-vault XP
 B = Vault XP
 C = Vault XP percentage of total XP
 D = Non-vault monster count
 E = Vault monster count
 F = Vault count percentage of total count
                 A         B        C        D         E       F
            +---------+---------+-------+---------+---------+-------
      Total |     314 |      73 |  18.9 |      75 |       2 |   2.6
            +---------+---------+-------+---------+---------+-------
        D:1 |      42 |       0 |   0.0 |      21 |       0 |   0.0
        D:2 |     166 |      73 |  30.5 |      30 |       2 |   6.2
        D:3 |     106 |       0 |   0.0 |      24 |       0 |   0.0
            +---------+---------+-------+---------+---------+-------
